AoeStats
← persephone9

Black Forest

503413200Analyzed
4v4 RM · 1mo ago on Aug 31, 2026· 43m 14s· 8 players
Game mode
Random Map
Map size
Large (8 player)
Population
200
Speed
Normal
Resources
Standard
Victory
Conquest
Starting age
Dark Age
Ending age
Imperial Age
RankedLock teamsTeams togetherTeam positionsShared explorationLock speedFull tech treeHidden civsTurbo modeCheats
Victory
Defeat
🇨🇳 Bohemians · China
789
+12
🇺🇸 Bohemians · United States
687
+16
🇵🇰 Slavs · Pakistan
661
+17
🇫🇷 Burgundians · France
608
+20
🇷🇺 Wu · Russia
745
-19
🇨🇱 Khmer · Chile
729
-18
🇨🇴 Muisca · Colombia
709
-17
🇪🇨 Khmer · Ecuador
586
-12
daniel_eguigureng
1:45 Loom
18:53 Feudal Age
22:38 Horse Collar
29:33 Castle Age
Riddler
0:38 Loom
danielalejandrocrco
0:45 Loom
nperezb
3:50 Loom
17:33 Feudal Age
21:22 Castle Age
20:35 Man-at-Arms
22:15 Long Swordsman
23:18 Double-Bit Axe
23:31 Arson
26:30 Pikeman
34:53 Imperial Age
39:52 Cavalier
persephone9
0:30 Loom
14:15 Feudal Age
14:42 Town Watch
23:45 Castle Age
22:04 Horse Collar
23:03 Fletching
23:32 Double-Bit Axe
31:58 Fervor
33:09 Bodkin Arrow
37:16 Imperial Age
37:21 Chemistry
38:46 Conscription
40:13 Houfnice
41:43 Ballistics
41:34 Fortified Wall
41:19 Murder Holes
ksffvbh
0:34 Loom
18:07 Feudal Age
19:32 Wheelbarrow
19:44 Double-Bit Axe
22:14 Castle Age
21:01 Horse Collar
23:11 Hand Cart
23:39 Bow Saw
24:23 Caravan
25:11 Treadmill Crane
29:22 Town Watch
35:05 Imperial Age
34:08 Wagenburg Tactics
36:21 Chemistry
35:32 Masonry
35:43 Ballistics
35:19 Murder Holes
35:42 Town Patrol
37:14 Two-Man Saw
36:55 Heavy Plow
39:24 Conscription
38:25 Elite Hussite Wagon
38:58 Houfnice
39:23 Elite Hussite Wagon
40:24 Siege Engineers
40:49 Architecture
vince69140
6:16 Loom
12:09 Feudal Age
13:15 Double-Bit Axe
14:21 Bow Saw
16:20 Man-at-Arms
16:45 Arson
17:54 Horse Collar
21:31 Castle Age
20:32 Forging
21:30 Heavy Plow
21:40 Scale Mail Armor
24:59 Caravan
24:58 Crossbowman
25:46 Padded Archer Armor
30:10 Gold Mining
30:11 Stone Mining
30:55 Crop Rotation
31:07 Wheelbarrow
30:27 Fletching
30:53 Leather Archer Armor
36:12 Imperial Age
37:16 Redemption
37:18 Fervor
37:20 Redemption
37:35 Hand Cart
37:18 Bodkin Arrow
39:21 Pikeman
40:01 Squires
39:22 Long Swordsman
41:17 Chemistry
40:38 Ballistics
39:59 Treadmill Crane
40:14 Murder Holes
40:31 Masonry
41:33 Coinage
41:13 Guilds
40:36 Capped Ram
40:37 Onager
42:18 Gold Shaft Mining
42:19 Stone Shaft Mining
41:31 Town Watch
41:47 Halberdier
41:48 Two-Handed Swordsman
komailvidz
0:48 Loom
16:14 Feudal Age
18:57 Wheelbarrow
18:07 Town Watch
19:28 Double-Bit Axe
23:13 Castle Age
30:03 Hand Cart
30:46 Atonement
30:57 Redemption
31:02 Gold Mining
31:28 Devotion
32:27 Herbal Medicine
32:55 Sanctity
Connection lost

Rejoining the realm…

Still unreachable

The connection could not be restored.

Session expired

The server has moved on; the page needs a fresh start.